 Dungeon Crawl Stone Soup version 0.28-a0-909-g796cbd3a86 (webtiles) character file.

Game seed: 3405621623743101700

70 enile the Skirmisher (level 4, -1/42 HPs)
             Began as a Minotaur Cinder Acolyte on Nov 24, 2021.
             Was a High Priest of Ignis.
             Slain by a sky beast (5 damage)
             ... on level 2 of the Dungeon.
             The game lasted 00:02:51 (1898 turns).

enile the Skirmisher (Minotaur Cinder Acolyte)      Turns: 1898, Time: 00:02:51

Health: -1/42      AC:  2    Str: 19    XL:     4   Next: 3%
Magic:  4/4        EV: 11    Int: 11    God:    Ignis [*****.]
Gold:   132        SH:  0    Dex:  6    Spells: 5/5 levels left

rFire   + . .      SeeInvis .   a - -1 spear (flame)
rCold   . . .      Faith    .   (no shield)
rNeg    . . .      Spirit   .   b - +0 robe
rPois   +          Reflect  .   (helmet restricted)
rElec   .          Harm     .   (no cloak)
rCorr   .          Rampage  .   (no gloves)
Will    .....                   (no boots)
Stlth   +.........              (no amulet)
HPRegen 0.14/turn               i - ring of poison resistance
MPRegen 0.09/turn               (no ring)

@: no status effects
A: horns 2, retaliatory headbutt
a: Renounce Religion, Sea of Fire, Foxfire Swarm, Rising Flame


You were on level 2 of the Dungeon.
You worshipped Ignis.
Ignis was extremely pleased with you.
You visited 1 branch of the dungeon, and saw 3 of its levels.

You collected 132 gold pieces.

Inventory:

Hand Weapons
 a - a -1 spear of flaming (weapon)
Missiles
 f - 100 stones (quivered)
Armour
 b - a +0 robe (worn)
Jewellery
 i - a ring of poison resistance (left hand)
Scrolls
 c - a scroll of noise {unknown}
 d - a scroll of acquirement {unknown}
 e - 3 scrolls of teleportation {unknown}
 j - a scroll of identify {unknown}
Potions
 g - a potion of might {unknown}
 h - a potion of attraction {unknown}


   Skills:
 - Level 5.0 Fighting
 - Level 3.6 Polearms
 + Level 1.6 Throwing
 - Level 2.0 Armour
 - Level 1.0 Spellcasting
 - Level 2.1 Fire Magic


You had 5 spell levels left.
You didn't know any spells.
Your spell library contained the following spells:

 Spells                   Type           Power      Damage    Failure   Level
 Scorch                   Fire           10%        2d6       21%         2


Dungeon Overview and Level Annotations

Branches:
Dungeon (3/15)

Altars:


Innate Abilities, Weirdness & Mutations

You have a pair of horns on your head.
You reflexively headbutt those who attack you in melee.


Message History

j - a scroll labelled XESHAE SUGGE You miss something.
Your headbutt misses something. Something hits you. Something shocks you.
You closely miss something. Something hits you. Something shocks you.
You don't know any spells.
Okay, then.
A kobold comes into view. It is wielding a +0 short sword.
The kobold shouts!
You hear an angry hiss.
A frilled lizard comes into view.
The kobold throws a stone.
The stone closely misses you.
A goblin comes into view. It is wielding a +0 dagger.
Found a ring mail.
The frilled lizard hisses angrily.
The goblin shouts!
A frilled lizard comes into view.
The goblin moves out of view.
The kobold throws a stone.
The stone completely misses you.
You see here 7 stones.
A sky beast appears from thin air!
Reactivating autopickup.
There is a stone staircase leading up here.
The sky beast flickers out of sight!
Deactivating autopickup; reactivate with Ctrl-A.
Something hits you. Something shocks you.
You climb upwards.
Reactivating autopickup.
There is a stone staircase leading down here.
You start resting.
Something hits you but does no damage.
Deactivating autopickup; reactivate with Ctrl-A.
You start resting.
Something barely misses you.
You start resting.
A sky beast appears from thin air!
Reactivating autopickup.
The sky beast hits you. The sky beast shocks you.
* * * LOW HITPOINT WARNING * * *
Okay, then.
Flames leap up around you!
The sky beast flickers out of sight!
Deactivating autopickup; reactivate with Ctrl-A.
Something hits you.
* * * LOW HITPOINT WARNING * * *
Something shocks you.
You die...

#..#..#.## ##........#
# #..#.##.# ##.....#.#
## #..#.##.# ##...##.#
#.
#.......#########'###.#
#. ##.............##.#
#.# #.
###.###.......##.#
#.###.
#.###vvvv...##.###.....
#...vvvvv...#...######.
#####v@vv..............
#v{vv...#....######
#vvvv........#
##############


There were no monsters in sight!

Vanquished Creatures
  A hound (D:2)
  An adder (D:2)
  2 dart slugs
  2 bats
  2 endoplasms (D:1)
  A giant cockroach (D:1)
  4 goblins (D:1)
  3 hobgoblins
  A quokka (D:2)
  3 ball pythons (D:1)
  2 frilled lizards (D:1)
  2 kobolds
  2 rats (D:2)
26 creatures vanquished.

Notes
Turn   | Place    | Note
-------+----------+-------------------------------------------
     0 | D:1      | enile the Minotaur Cinder Acolyte began the quest for the
                  | Orb.
     0 | D:1      | Reached XP level 1. HP: 19/19 MP: 1/1
    62 | D:1      | Reached skill level 4 in Fighting
   131 | D:1      | Reached XP level 2. HP: 28/28 MP: 2/2
   298 | D:1      | Found a faded altar of an unknown god.
   820 | D:2      | Reached skill level 5 in Fighting
   820 | D:2      | Reached XP level 3. HP: 25/36 MP: 3/3
   952 | D:2      | Reached skill level 1 in Armour
  1229 | D:2      | Reached skill level 1 in Throwing
  1515 | D:2      | Reached XP level 4. HP: 34/42 MP: 4/4
  1869 | D:3      | Noticed a sky beast
  1898 | D:2      | Slain by a sky beast

Illustrated notes

Levels and vault maps discovered:
D:1:      lightli_arrival_chessboard, layout_basic,
          ebering_ecumenical_altar_webs, solitary_fountain, minivault_19,
          corexii_item_surrounded_by_moat, serial_bayou_pond_d
D:2:      layout_loops_corners
D:3:      layout_loops_ring

Skill      XL: |  1  2  3 |
---------------+----------+-----
Fighting       | 4 5 |  5.0
Armour         | 2 |  2.0
Throwing       | 1 |  1.6
Polearms       | |  3.6
Spellcasting   | |  1.0
Fire Magic     | |  2.1

Action                   |  1- 3 |  4- 6 || total
-------------------------+-------+-------++-------
Melee: Spear             |    65 |     3 ||    68
       Headbutt          |     1 |       ||     1
Throw: Stone             |    12 |     3 ||    15
Invok: Foxfire Swarm     |       |     1 ||     1
Armor: Robe              |     5 |     1 ||     6
Dodge: Dodged            |    18 |     4 ||    22

Table legend: (Time is in decaauts)
 A = Elapsed time spent in this place.
 B = Non-inter-level travel time spent in this place.
 C = Inter-level travel time spent in this place.
 D = Time resting spent in this place.
 E = Time spent auto-exploring this place.
 F = Levels seen in this place.
 G = Mean time per level.
                   A        B        C        D        E       F      G
               +--------+--------+--------+--------+--------+-----+--------+
         Total |   1894 |   1865 |     29 |      0 |   1674 |   3 |  631.3 |
       Dungeon |   1894 |   1865 |     29 |      0 |   1674 |   3 |  631.3 |
               +--------+--------+--------+--------+--------+-----+--------+

Top non-repeatable levels by time:
     D:2: 1155 daAuts
     D:1: 714 daAuts
     D:3: 24 daAuts
